 Dungeon Crawl Stone Soup version 0.31-a0-1591-g515db51633 (webtiles) character file.

Game seed: 12023165551925482179

4382 CougarLife the Cleaver (level 10, -2/88 HPs)
             Began as a Minotaur Fighter on Jan 7, 2024.
             Slain by a vampire
             ... wielding a +1 vampiric halberd
              (4 damage)
             ... in a bailey.
             The game lasted 00:11:14 (7254 turns).

CougarLife the Cleaver (Minotaur Fighter)           Turns: 7254, Time: 00:11:15

Health: -2/88      AC:  7    Str: 25    XL:     10   Next: 13%
Magic:  9/9        EV: 12    Int:  5    God:
Gold:   257        SH:  5    Dex: 10    Spells: 9/9 levels left

rFire   . . .        h - +2 broad axe (flame)
rCold   . . .        c - +0 buckler
rNeg    . . .        j - +0 acid dragon scales
rPois   .            (helmet restricted)
rElec   .            (no cloak)
rCorr   +            (no gloves)
SInv    .            (no boots)
Will    .....        (no amulet)
Stlth   +            (no ring)
HPRegen 0.34/turn    (no ring)
MPRegen 0.11/turn

%: no passive effects
@: no status effects
A: horns 2, retaliatory headbutt
a: no special abilities


You were in a bailey.
You visited 1 branch of the dungeon, and saw 7 of its levels.
You also visited: Bailey.

You collected 257 gold pieces.

Inventory:

Hand Weapons
 h - a +2 broad axe of flaming (weapon)
Missiles
 f - 6 boomerangs (quivered)
 v - 4 poisoned darts
Armour
 c - a +0 buckler (worn)
 j - +0 acid dragon scales (worn)
Wands
 e - a wand of flame (14)
 t - a wand of charming (10)
Scrolls
 i - 3 scrolls of teleportation
 l - a scroll of immolation
 m - 2 scrolls of noise
 o - a scroll of fear {unknown}
 s - a scroll of brand weapon {unknown}
Potions
 g - a potion of ambrosia {unknown}
 k - a potion of lignification {unknown}
 n - a potion of heal wounds {unknown}
 p - a potion of resistance {unknown}
 q - a potion of berserk rage {unknown}
 r - a potion of brilliance {unknown}
 u - a potion of enlightenment {unknown}


   Skills:
 - Level 8.1 Fighting
 - Level 10.1 Axes
 + Level 7.2 Throwing
 - Level 7.0 Armour
 * Level 3.7 Dodging
 - Level 7.0 Shields


You had 9 spell levels left.
You didn't know any spells.
Your spell library contained the following spells:

 Spells                   Type           Power      Damage    Failure   Level
 Magic Dart               Conj           0%         1d3       58%         1
 Searing Ray              Conj           0%         2d4       75%         2
 Sublimation of Blood     Necr           0%         N/A       75%         2
 Fulminant Prism          Conj/Alch      0%         3d5       100%        4
 Petrify                  Alch/Erth      0%         N/A       100%        4
 Irradiate                Conj/Alch      0%         3d11      100%        5


Dungeon Overview and Level Annotations

Branches:
Dungeon (7/15)             Temple (0/1) D:6          Bailey (1/1)

Altars:
Fedhas
Trog

Shops:
D:3 !


Innate Abilities, Weirdness & Mutations

You have a pair of horns on your head.
You reflexively headbutt those who attack you in melee.


Message History

The gargoyle hurls a stone arrow at you.
The stone arrow misses you.
You slice the gargoyle!! You burn the gargoyle!
You destroy the gargoyle!
Your Dodging skill increases to level 3!
You see here a +0 dire flail.
You feel a little less mighty now.
You open the large door.
A vampire comes into view. It is wielding a +1 vampiric halberd.
The vampire points at you and mumbles some strange words.
You resist with some effort.
A vampire is nearby!
Found a pair of ancient boots.
There is a large open door here.
Found a lumpy blue potion.
The vampire mumbles some strange words.
The vampire flickers and vanishes!
Deactivating autopickup; reactivate with Ctrl-A.
No target in view!
No target in view!
No target in view!
Something hits you! Something bites you!
Something draws strength from your injuries!
You closely miss something. Something hits you.
Something bites you but does no damage.
You slash something! You burn something. Your headbutt misses something.
Something draws life force from you!
You closely miss something. Something hits you.
Something bites you but does no damage. Something barely misses you.
Something bites you but does no damage.
You hit something but do no damage. Your headbutt misses something.
Something hits you!! Something barely misses you.
You hit something. You burn something. Something hits you!!
* * * LOW HITPOINT WARNING * * *
Something bites you but does no damage.
You closely miss something. Something hits you!!
* * * LOW HITPOINT WARNING * * *
Something bites you but does no damage.
You hit something. You burn something. Something hits you.
You die...

#.......####....'.
#8.....##..##...'.
#########....#...#.
#8...............#.
#.........#......#+
###''##...##....8#
##....##...#######
##......##....)..8#
#..@##...#8.......#
#.{## #..##########
#.. ..# #.. .8# ##!
[## ##


There were no monsters in sight!

Vanquished Creatures
  Pikel (D:4)
  A gargoyle (Bailey)
  Grinder (D:3)
  Prince Ribbit (D:6)
  Sigmund (D:3)
  A shadow (D:7)
  Edmund (D:5)
  An ice beast (D:7)
  An orc warrior (D:6)
  2 black bears
  A kobold brigand (D:6)
  Blork the orc (D:5)
  4 scorpions
  6 killer bees (D:5)
  3 howler monkeys (D:7)
  7 vampire bats (Bailey)
  7 wolf zombies (Bailey)
  6 hounds
  5 orc priests
  A bombardier beetle (D:5)
  2 jellies
  A sleepcap (D:6)
  2 iguanas (D:5)
  2 orc wizards (D:6)
  3 gnolls (D:3)
  8 adders
  A shadow imp (D:6)
  2 white imps (D:6)
  2 ribbon worms
  A dart slug (D:1)
  19 orcs
  6 endoplasms
  2 giant cockroaches
  10 goblins
  3 hobgoblins
  7 jackals
  3 quokkas
  3 ball pythons
  5 bats
  A frilled lizard (D:3)
  10 kobolds
  20 orc zombies (Bailey)
  3 rats
168 creatures vanquished.

Vanquished Creatures (collateral kills)
  Maggie (D:7)
  A howler monkey (D:7)
  An orc wizard (D:7)
  3 orcs (D:7)
  4 goblins (D:7)
10 creatures vanquished.

Grand Total: 178 creatures vanquished

Notes
Turn   | Place    | Note
-------+----------+-------------------------------------------
     0 | D:1      | CougarLife the Minotaur Fighter began the quest for the
                  | Orb.
     0 | D:1      | Reached XP level 1. HP: 19/19 MP: 0/0
   157 | D:1      | Reached XP level 2. HP: 24/26 MP: 1/1
   543 | D:1      | Reached skill level 3 in Axes
   842 | D:2      | Reached XP level 3. HP: 33/33 MP: 2/2
  1599 | D:3      | Reached skill level 4 in Axes
  1599 | D:3      | Reached XP level 4. HP: 11/41 MP: 3/3
  1626 | D:3      | HP: 1/41 [orc priest/+0 hand axe (4)]
  1790 | D:3      | Found Hyutsups's Distillery.
  1807 | D:3      | Reached XP level 5. HP: 5/47 MP: 4/4
  1814 | D:3      | HP: 2/47 [rat (2)]
  1990 | D:3      | Reached skill level 5 in Axes
  2225 | D:3      | Noticed Sigmund
  2237 | D:3      | Killed Sigmund
  2238 | D:3      | Reached skill level 5 in Fighting
  2238 | D:3      | Reached skill level 6 in Axes
  2238 | D:3      | Reached XP level 6. HP: 22/56 MP: 5/5
  2440 | D:3      | Found a bloodstained altar of Trog.
  2492 | D:3      | Noticed Grinder
  2501 | D:3      | Paralysed by Grinder for 5 turns
  2509 | D:3      | Killed Grinder
  2510 | D:3      | Reached skill level 7 in Axes
  2510 | D:3      | Reached XP level 7. HP: 46/63 MP: 6/6
  2658 | D:3      | Found a faded altar of an unknown god.
  3365 | D:4      | Reached skill level 8 in Axes
  3880 | D:4      | Noticed Pikel
  3891 | D:4      | Killed Pikel
  3892 | D:4      | Reached skill level 9 in Axes
  3892 | D:4      | Reached XP level 8. HP: 31/73 MP: 7/7
  4113 | D:5      | Entered Level 5 of the Dungeon
  4413 | D:5      | Noticed Blork the orc
  4422 | D:5      | Killed Blork the orc
  4423 | D:5      | Reached skill level 10 in Axes
  4590 | D:5      | Reached skill level 1 in Throwing
  5071 | D:5      | Noticed Edmund
  5082 | D:5      | Killed Edmund
  5083 | D:5      | Reached skill level 5 in Armour
  5083 | D:5      | Reached skill level 5 in Shields
  5318 | D:6      | Reached XP level 9. HP: 68/80 MP: 8/8
  6400 | D:6      | Noticed Prince Ribbit
  6412 | D:6      | Reached skill level 5 in Throwing
  6422 | D:6      | Killed Prince Ribbit
  6521 | D:6      | Found a staircase to the Ecumenical Temple.
  6642 | D:7      | Found a blossoming altar of Fedhas.
  6713 | D:7      | Noticed Maggie
  6740 | D:7      | Killed Maggie
  6761 | D:7      | Found a flagged portal.
  6796 | Bailey   | Entered a bailey
  6982 | Bailey   | Reached skill level 1 in Dodging
  7159 | Bailey   | Reached XP level 10. HP: 88/88 MP: 9/9
  7193 | Bailey   | Noticed a gargoyle
  7199 | Bailey   | Killed a gargoyle
  7253 | Bailey   | HP: 1/88 [something (19)]
  7254 | Bailey   | Slain by a vampire

Illustrated notes

Levels and vault maps discovered:
D:1:      erik_arrival_cave_to_civilisation [erik_arrival_cave_to_hall],
          layout_basic, chequers_serial_rivers_room_a,
          chequers_serial_rivers_room_a, amethyst_killhole
D:2:      layout_loops_cross, st_stairs_10
D:3:      cheibrodos_pilgrimage, layout_basic, lemuel_tele_altar, serial_shops,
          shop, ebering_ecumenical_altar_hall, uniq_grinder, uniq_sigmund
D:4:      layout_basic, uniq_pikel
D:5:      layout_loops_ring, uniq_blork_the_orc, uniq_edmund
D:6:      layout_basic, minmay_temple_entry_glassed_door, uniq_prince_ribbit1
D:7:      layout_cave_pods, grunt_temple_overflow_forces_of_nature,
          enter_bailey_5, uniq_maggie
Bailey:   bailey_polearm_vampire_castle_hellmonk, bailey

Skill      XL: |  1  2  3  4  5  6  7  8  9 10 |
---------------+-------------------------------+-----
Armour         | 4 5 7 |  7.0
Shields        | 4 5 7 |  7.0
Axes           | 3 4 6 7 9 10 | 10.1
Fighting       | 4 5 6 7 8 |  8.1
Throwing       | 3 6 7 |  7.2
Dodging        | 2 3 |  3.7

Action                     |  1- 3 |  4- 6 |  7- 9 | 10-12 || total
---------------------------+-------+-------+-------+-------++-------
  Melee: War axe           |    76 |    70 |   216 |       ||   362
         Headbutt          |    14 |     9 |    42 |     2 ||    67
         Broad axe         |       |       |    50 |    20 ||    70
  Throw: Boomerang         |     4 |     3 |    20 |     2 ||    29
Ability: Breathe Fire      |       |       |     1 |       ||     1
         Begin Untransform |       |       |     1 |       ||     1
    Use: Potion            |       |       |     3 |     1 ||     4
         Scroll            |       |       |     8 |       ||     8
 Armour: Scale mail        |    56 |    61 |   151 |       ||   268
         Acid dragon scale |       |       |    42 |    16 ||    58
  Dodge: Dodged            |    46 |    37 |   111 |    10 ||   204
  Block: Buckler           |    11 |    16 |    63 |       ||    90
   Form: Dragon            |       |       |     1 |       ||     1

Table legend: (Time is in decaauts)
 A = Elapsed time spent in this place.
 B = Non-inter-level travel time spent in this place.
 C = Inter-level travel time spent in this place.
 D = Time resting spent in this place.
 E = Time spent auto-exploring this place.
 F = Levels seen in this place.
 G = Mean time per level.
                   A        B        C        D        E       F      G
               +--------+--------+--------+--------+--------+-----+--------+
         Total |   7326 |   7200 |    126 |   1504 |   4361 |   8 |  915.8 |
       Dungeon |   6861 |   6735 |    126 |   1321 |   4270 |   7 |  980.1 |
        Bailey |    465 |    465 |      0 |    183 |     91 |   1 |  465.0 |
               +--------+--------+--------+--------+--------+-----+--------+

Top non-repeatable levels by time:
     D:3: 1492 daAuts
     D:6: 1361 daAuts
     D:5: 1127 daAuts
     D:2: 944 daAuts
     D:4: 934 daAuts
     D:1: 798 daAuts
  Bailey: 465 daAuts
     D:7: 202 daAuts
